 Dungeon Crawl Stone Soup version 0.29-a0-322-g68df515428 (webtiles) character file.

Game seed: 17690724893499723667

433 tilp the Chiller (level 6, 28/28 HPs)
             Began as a Felid Ice Elementalist on Apr 5, 2022.
             Quit the game on level 5 of the Dungeon.
             The game lasted 00:09:13 (7180 turns).

tilp the Chiller (Felid Ice Elementalist)           Turns: 7180, Time: 00:09:14

Health: 28/28      AC:  2    Str:  4    XL:     6   Next: 67%
Magic:  11/11      EV: 18    Int: 18    God:
Gold:   236        SH:  0    Dex: 17    Spells: 0/11 levels left
                                        Lives:  1   Deaths: 1

rFire   . . .      SeeInvis +     - Unarmed
rCold   . . .      Faith    .   (shield unavailable)
rNeg    . . .      Spirit   .   (body armour unavailable)
rPois   .          Reflect  .   (helmet unavailable)
rElec   .          Harm     .   (cloak unavailable)
rCorr   .          Rampage  .   (gloves unavailable)
Will    .....                   (boots unavailable)
Stlth   +++.......              (no amulet)
HPRegen 0.09/turn               (no ring)
MPRegen 0.12/turn               (no ring)

@: quick
A: very small, claws 1, fangs 3, see invisible, speed 1, shaggy fur 2, stealthy
paws, no weapons or thrown items, no armour, multi-lived
a: no special abilities


You were on level 5 of the Dungeon.
You visited 1 branch of the dungeon, and saw 5 of its levels.
You also visited: Sewer.

You collected 236 gold pieces.

Inventory:

Scrolls
 a - a scroll of enchant weapon {unknown}
 b - a scroll of amnesia
 d - a scroll of silence {unknown}
 f - 2 scrolls of summoning
 g - a scroll of teleportation
 k - a scroll of blinking
 l - a scroll of torment {unknown}
 n - a scroll of immolation {unknown}
 s - a scroll of enchant armour {unknown}
Potions
 c - 3 potions of mutation
 e - a potion of resistance
 h - 3 potions of curing
 i - a potion of berserk rage
 j - a potion of heal wounds {unknown}
 m - a potion of ambrosia {unknown}
 o - a potion of experience {unknown}
 p - a potion of brilliance {unknown}
 q - a potion of lignification {unknown}
 r - a potion of haste {unknown}


   Skills:
 - Level 4.0 Fighting
 - Level 4.0 Dodging
 + Level 5.9 Stealth
 - Level 2.0 Unarmed Combat
 - Level 3.0 Spellcasting
 - Level 6.0 Ice Magic


You couldn't memorise any spells.
You knew the following spells:

 Your Spells              Type           Power      Damage    Failure   Level
a - Freeze                Ice            96%        1d11      1%          1
b - Frozen Ramparts       Ice            48%        1d6       4%          3
c - Ozocubu's Armour      Ice            24%        N/A       4%          3
d - Hailstorm             Conj/Ice       13%        3d5       43%         4

Your spell library contained the following spells:

 Spells                   Type           Power      Damage    Failure   Level
 Animate Skeleton         Necr           4%         N/A       16%         1
 Apportation              Tloc           4%         N/A       16%         1
 Pain                     Necr           8%         1d4       16%         1
 Slow                     Hex            8%         N/A       16%         1
 Confusing Touch          Hex            2%         N/A       43%         3
 Vampiric Draining        Necr           2%         2d6       43%         3
 Alistair's Intoxication  Tmut/Pois      1%         N/A       99%         5


Dungeon Overview and Level Annotations

Branches:
Dungeon (5/15)              Sewer (visited)
 Temple: D:4-7

Altars:
Cheibriados
Dithmenos
Nemelex Xobeh
Sif Muna

Shops:
D:4 =

Annotations:
D:5 Pikel


Innate Abilities, Weirdness & Mutations

You have sharp claws.
You have razor-sharp teeth.
You have supernaturally acute eyesight. (SInv)
You cover ground quickly. (Speed+)
You are covered in thick fur. (AC +2)
Your paws help you pounce on unaware monsters.
You are incapable of wielding weapons or throwing items.
You cannot wear armour.
You gain extra lives every three experience levels.


Message History

The wall freezes the lemure.
You barely miss the lemure.
Pikel shouts!
You bite the lemure, but do no damage.
The lemure is lightly wounded.
You scratch the lemure. You bite the lemure.
The lemure is moderately wounded.
The wall freezes the lemure.
The lemure hits you but does no damage.
You barely miss the lemure.
The lemure is heavily wounded.
The wall freezes the lemure.
The lemure barely misses you.
You miss the lemure. You bite the lemure.
The lemure is severely wounded.
The wall freezes the lemure.
The lemure closely misses you.
You scratch the lemure.
You kill the lemure!
That felt strangely unrewarding.
Pikel drinks a potion.
Pikel goes berserk!
Unknown command.
Your icy armour and frozen ramparts will break if you move.
Continue?
Your icy armour cracks and falls away as you move.
The frozen ramparts melt away as you move.
You hear a shout!
Pikel misses you. Pikel completely misses you. Pikel attacks as you move away!
Pikel hits you with a +0 whip of freezing!
Pikel freezes you.
Casting: Ozocubu's Armour (dangerous; 4% risk of failure)
Confirm with . or Enter, or press ? or * to list all spells.
Casting: Frozen Ramparts (dangerous; 4% risk of failure)
Press: ? - help, Dir - look around, f - activate The walls around you are covered in ice.
The wall freezes Pikel.
Pikel hits you with a +0 whip of freezing!!
Ouch! That really hurt!
You die...
Pikel freezes you!
The wall freezes Pikel.
Pikel misses you.
You are now level 6!
You rejoin the land of the living...
Are you sure you want to abandon this character and quit the game? (Confirm with "yes".)

##......# #.##.#
#......# #.##.# #......#
#.##.###### #......#
#......# #......####
#######.#
#........##.#.......#
#........##.#.####..#
#........##.....<#..####
#.....#..####.#@.#.....#
#######..# #.#.##.###.#
#........# #.......##.#
#######†#####..#..#.##.#
...#...........#.##.#
###.#....#.#.#....##.#
#......#.#.#...#####.#
###.#.####.#.###.#####.#
#.....####.#.. ..#.....#


There were no monsters in sight!

Vanquished Creatures
  An ogre (D:4)
  4 lemures
  A kobold brigand (Sewer)
  A scorpion (D:4)
  A necrophage (D:5)
  2 howler monkeys (D:4)
  A hound (D:4)
  4 orc priests
  An iguana (D:4)
  2 orc wizards
  11 adders
  5 river rats
  A worm (D:4)
  A dart slug (D:3)
  13 orcs
  10 ball pythons
  11 endoplasms
  7 giant cockroaches
  4 goblins
  6 hobgoblins
  11 jackals
  9 kobolds
  2 quokkas
  6 bats
  4 frilled lizards
  10 rats
129 creatures vanquished.

Vanquished Creatures (others)
  13 plants (Sewer)
13 creatures vanquished.

Grand Total: 142 creatures vanquished

Notes
Turn   | Place    | Note
-------+----------+-------------------------------------------
     0 | D:1      | tilp the Felid Ice Elementalist began the quest for the
                  | Orb.
     0 | D:1      | Reached XP level 1. HP: 7/7 MP: 4/4
   498 | D:1      | Found a faded altar of an unknown god.
   642 | D:1      | Reached XP level 2. HP: 12/12 MP: 6/6
  1203 | D:2      | Reached skill level 1 in Fighting
  1539 | D:2      | Reached XP level 3. HP: 8/15 MP: 4/8
  1547 | D:2      | Learned a level 3 spell: Frozen Ramparts
  2127 | D:2      | Reached skill level 4 in Ice Magic
  2243 | D:2      | Found a sparkling altar of Nemelex Xobeh.
  2576 | D:2      | Learned a level 3 spell: Ozocubu's Armour
  2768 | D:3      | Reached XP level 4. HP: 19/19 MP: 5/9
  2938 | D:3      | Found a shimmering blue altar of Sif Muna.
  3091 | D:3      | Found a snail-covered altar of Cheibriados.
  3225 | D:3      | Reached XP level 5. HP: 9/22 MP: 3/10
  3227 | D:3      | Reached skill level 5 in Ice Magic
  3613 | D:3      | Found a shadowy altar of Dithmenos.
  3885 | D:4      | Noticed an ogre
  3893 | D:4      | Killed an ogre
  3894 | D:4      | Reached skill level 6 in Ice Magic
  3894 | D:4      | Gained mutation: You are covered in thick fur. (AC +2)
                  | [Felid growth]
  3894 | D:4      | Reached XP level 6. HP: 4/26 MP: 1/11
  3970 | D:4      | Reached skill level 1 in Unarmed Combat
  4113 | D:4      | Found a glowing drain.
  4334 | Sewer    | Entered a sewer
  4683 | Sewer    | Reached XP level 7. HP: 23/31 MP: 4/12
  6015 | D:4      | Learned a level 4 spell: Hailstorm
  6140 | D:4      | Found Ranemueneu's Jewellery Shop.
  6306 | D:4      | Reached skill level 5 in Stealth
  6625 | D:5      | Entered Level 5 of the Dungeon
  6625 | D:5      | Noticed Pikel
  7179 | D:5      | Slain by Pikel
  7180 | D:5      | Reached XP level 6. HP: -2/28 MP: 6/11
  7180 | D:5      | Quit the game

Illustrated notes

Levels and vault maps discovered:
D:1:      matt_arrival_spirals, layout_loops_ring, basic_ecumenical_altar,
          bh_walls_and_bars
D:2:      layout_loops_cross, basic_altar, minmay_tetromino_t4
D:3:      layout_rooms, mainiacjoe_overflow_surrounded_room,
          mainiacjoe_overflow_brackets, mainiacjoe_overflow_alcove_2
D:4:      layout_loops_ring, serial_shops, shop, portal_sewer_entry_e
D:5:      layout_basic, trog_three_pillars_becter, uniq_pikel,
          uniq_crazy_yiuf_cottage

Skill      XL: |  1  2  3  4  5  6  7 |
---------------+----------------------+-----
Fighting       | 1 2 3 4 |  4.0
Ice Magic      | 4 6 |  6.0
Spellcasting   | 3 |  3.0
Stealth        | 3 5 |  5.9
Dodging        | 3 4 |  4.0
Unarmed Combat | 1 2 |  2.0

Action                   |  1- 3 |  4- 6 |  7- 9 || total
-------------------------+-------+-------+-------++-------
Melee: Unarmed           |    25 |    51 |    59 ||   135
       Bite              |     1 |     3 |    13 ||    17
       Punch             |       |       |     4 ||     4
 Cast: Freeze            |    43 |    31 |    35 ||   109
       Frozen Ramparts   |     3 |    21 |    21 ||    45
       Ozocubu's Armour  |       |     2 |     6 ||     8
  Use: Scroll            |     5 |       |     3 ||     8
       Potion            |       |     1 |       ||     1
 Stab: Sleeping          |     9 |     4 |     2 ||    15
Armor: Skin              |     2 |     7 |    11 ||    20
Dodge: Dodged            |    29 |    75 |    49 ||   153

Table legend: (Time is in decaauts)
 A = Elapsed time spent in this place.
 B = Non-inter-level travel time spent in this place.
 C = Inter-level travel time spent in this place.
 D = Time resting spent in this place.
 E = Time spent auto-exploring this place.
 F = Levels seen in this place.
 G = Mean time per level.
                   A        B        C        D        E       F      G
               +--------+--------+--------+--------+--------+-----+--------+
         Total |   6648 |   6542 |    106 |    986 |   4379 |   6 | 1108.0 |
       Dungeon |   5035 |   4929 |    106 |    630 |   3403 |   5 | 1007.0 |
         Sewer |   1613 |   1613 |      0 |    356 |    975 |   1 | 1613.0 |
               +--------+--------+--------+--------+--------+-----+--------+

Top non-repeatable levels by time:
   Sewer: 1613 daAuts
     D:1: 1354 daAuts
     D:4: 1269 daAuts
     D:3: 1027 daAuts
     D:2: 956 daAuts
     D:5: 425 daAuts
